Map: Jagannatha LE

Players

Serral - Winner!

  • Race: Zerg Zerg

MaNa

  • Race: Protoss Protoss

Event: DreamHack SC2 Masters 2021 Winter

VOD

Have the link to the VOD?

Description

Time

  • Played on: Oct. 5, 2021, 1:43 p.m.
  • Length: 11:13

All games in this series

Show
View Real Time Build Order
Export as new Build Order

Serral Zerg - Winner!

Build Orders: Pool First 

Get SALT Encoding   

  12  0:00  Drone  
  13  0:11  Overlord  
  13  0:16  Drone  
  14  0:29  Drone  
  14  0:30  Drone  
  16  0:40  Spawning Pool  
  15  0:44  Drone  
  16  1:09  Hatchery  
  16  1:10  Drone  
  16  1:15  Drone  
  17  1:27  Queen  
  17  1:28  Extractor  
  17  1:29  Zergling x2  
  19  1:33  Drone  
  19  1:35  Drone  
  21  1:43  Overlord  
  21  1:53  Drone  
  22  2:02  Queen  
  22  2:04  Drone  
  25  2:15  Drone  
  26  2:21  Drone, Queen  
  29  2:27  Drone  
  29  2:28  Metabolic Boost  
  30  2:32  Drone  
  31  2:37  Drone x3  
  31  2:41  Drone  
  31  2:42  Drone  
  36  2:51  Overlord  
  36  3:03  Spore Crawler  
  36  3:04  Zergling x2  
  36  3:08  Overlord  
  37  3:16  Drone  
  37  3:17  Drone, Extractor  
  37  3:19  Drone x3  
  41  3:24  Extractor  
  41  3:26  Overlord  
  41  3:27  Drone, Hatchery  
  41  3:29  Drone x2  
  41  3:30  Drone  
  41  3:32  Drone  
  46  3:36  Extractor  
  46  3:38  Queen  
  47  3:43  Queen  
  47  3:47  Overlord  
  47  3:56  Zergling x8  
  47  3:58  Drone  
  47  4:01  Drone  
  47  4:02  Drone x3  
  56  4:04  Spore Crawler  
  56  4:07  Spore Crawler  
  54  4:12  Overlord  
  54  4:14  Drone x2  
  56  4:22  Drone  
  57  4:25  Drone  
  57  4:28  Roach Warren  
  57  4:32  Drone x4  
  57  4:38  Drone x4  
  64  4:43  Extractor  
  64  4:44  Lair, Extractor  
  62  4:45  Drone  
  62  4:50  Drone x3  
  65  4:56  Drone  
  66  5:00  Drone, Zergling x2  
  66  5:01  Drone x3  
  66  5:04  Spore Crawler  
  69  5:07  Queen  
  69  5:09  Overlord  
  69  5:10  Evolution Chamber  
  69  5:12  Drone x2  
  72  5:14  Drone x2  
  72  5:18  Overlord  
  72  5:20  Overlord  
  74  5:23  Overlord  
  74  5:25  Extractor  
  74  5:26  Zergling x2  
  74  5:27  Drone x2  
  75  5:31  Overlord  
  75  5:32  Drone x3  
  75  5:33  Drone  
  78  5:37  Drone x3  
  78  5:38  Extractor  
  78  5:39  Extractor  
  79  5:44  Glial Reconstitution  
  79  5:50  Spire  
  79  5:51  Drone x3  
  79  5:53  Zerg Missile Weapons Level 1  
  79  5:55  Drone x2  
  83  5:59  Queen  
  83  6:01  Queen  
  87  6:04  Queen  
  89  6:12  Overseer  
  89  6:16  Hatchery, Overlord  
  89  6:18  Zergling x4  
  90  6:20  Overlord  
  90  6:22  Zergling x4  
  92  6:25  Overlord  
  92  6:26  Overlord  
  92  6:35  Overlord  
  92  6:39  Queen x2  
  92  6:40  Queen  
  92  6:42  Drone x3  
  92  6:44  Drone  
  100  6:47  Drone x3  
  100  6:50  Overlord  
  103  6:54  Overlord x2  
  103  6:59  Overlord  
  103  7:02  Roach x3  
  103  7:08  Roach x3  
  115  7:15  Roach x3, Spore Crawler  
  119  7:19  Zerg Flyer Weapons Level 1  
  119  7:23  Roach x3  
  119  7:24  Roach  
  119  7:29  Roach x3  
  133  7:36  Roach  
  133  7:37  Queen, Roach x2  
  139  7:39  Queen  
  139  7:42  Queen  
  145  7:44  Ravager  
  145  7:45  Ravager x4  
  145  7:50  Ravager x10  
  145  7:51  Ravager  
  161  7:54  Queen  
  161  7:56  Drone, Extractor  
  161  7:57  Drone  
  165  7:58  Drone  
  165  8:02  Overlord  
  165  8:05  Infestation Pit  
  164  8:07  Overlord  
  164  8:10  Drone x3  
  164  8:12  Overlord  
  167  8:18  Zergling x10  
  169  8:33  Zergling x24  
  177  8:44  Zergling x6  
  171  8:51  Queen x4  
  161  9:23  Corruptor x11  
  168  9:35  Corruptor x4  
  168  9:38  Ravager x2  
  176  9:45  Corruptor x2  
  178  9:52  Hatchery  
  179  9:56  Hive  
  179  9:59  Corruptor  
  181  10:05  Corruptor  
  183  10:08  Corruptor  
  185  10:19  Corruptor  
  186  10:29  Corruptor x4  
  186  10:33  Extractor x2  
  186  10:35  Drone x3  
  193  10:36  Drone x3  
  193  10:39  Drone x3  
Show
View Real Time Build Order
Export as new Build Order

MaNa Protoss 

Build Orders: Oracle Opening 

Get SALT Encoding   

  12  0:02  Probe  
  13  0:14  Probe  
  14  0:21  Pylon  
  14  0:26  Probe  
  15  0:40  Probe (Chrono Boost)  
  16  0:45  Gateway  
  16  0:48  Probe (Chrono Boost)  
  17  0:51  Assimilator  
  17  0:54  Probe (Chrono Boost)  
  18  1:06  Probe (Chrono Boost)  
  19  1:13  Probe (Chrono Boost)  
  20  1:20  Probe  
  21  1:32  Cybernetics Core  
  21  1:33  Pylon  
  21  1:34  Zealot  
  23  1:53  Nexus  
  23  1:56  Probe  
  24  2:05  Assimilator  
  24  2:08  Adept (Chrono Boost), Probe  
  27  2:20  Probe  
  28  2:28  Stargate  
  28  2:33  Probe  
  29  2:37  Pylon  
  29  2:38  Warp Gate  
  29  2:45  Probe  
  30  2:55  Adept  
  30  2:57  Probe  
  33  3:05  Void Ray (Chrono Boost)  
  33  3:06  Probe  
  33  3:09  Probe  
  35  3:18  Probe  
  40  3:21  Probe  
  40  3:30  Probe  
  40  3:33  Probe  
  42  3:38  Oracle (Chrono Boost)  
  42  3:42  Probe  
  42  3:46  Probe  
  47  3:54  Probe  
  48  3:58  Probe  
  49  4:03  Nexus  
  49  4:07  Probe (Chrono Boost)  
  50  4:10  Probe (Chrono Boost)  
  50  4:13  Pylon  
  51  4:19  Assimilator, Probe (Chrono Boost)  
  51  4:21  Assimilator, Probe (Chrono Boost)  
  51  4:22  Stargate  
  53  4:24  Probe (Chrono Boost)  
  53  4:27  Void Ray  
  53  4:29  Probe  
  55  4:34  Pylon  
  59  4:38  Probe  
  60  4:46  Shield Battery  
  60  4:48  Forge  
  60  4:49  Probe  
  60  4:50  Probe  
  62  5:02  Probe  
  62  5:03  Probe  
  62  5:05  Void Ray (Chrono Boost)  
  68  5:15  Shield Battery  
  68  5:16  Protoss Air Weapons Level 1, Probe x2  
  68  5:17  Probe, Pylon  
  68  5:18  Void Ray (Chrono Boost)  
  71  5:24  Photon Cannon  
  75  5:28  Probe  
  75  5:31  Probe  
  75  5:32  Probe  
  78  5:40  Void Ray (Chrono Boost), Probe  
  79  5:43  Probe  
  79  5:45  Probe  
  85  5:50  Robotics Facility  
  85  5:52  Probe  
  85  5:53  Assimilator  
  85  5:55  Assimilator, Probe  
  87  5:58  Probe  
  88  6:04  Probe  
  88  6:07  Probe  
  88  6:10  Probe  
  91  6:16  Pylon  
  91  6:17  Probe, Pylon  
  92  6:19  Probe  
  93  6:27  Twilight Council  
  93  6:28  Gateway, Void Ray  
  93  6:31  Void Ray, Gateway  
  93  6:34  Probe x2  
  103  6:41  Observer  
  103  6:43  Probe  
  103  6:44  Pylon  
  103  6:45  Pylon  
  103  6:46  Probe x2  
  107  6:53  Stargate  
  107  6:54  Fleet Beacon  
  107  6:58  Pylon  
  107  7:07  Nexus  
  107  7:18  Immortal  
  111  7:23  Shield Battery  
  111  7:26  Shield Battery  
  115  7:32  Photon Cannon  
  115  7:35  Probe  
  115  7:36  Probe  
  117  7:37  Photon Cannon  
  117  7:38  Photon Cannon  
  117  7:40  Shield Battery  
  119  7:45  Tempest (Chrono Boost)  
  119  7:48  Tempest x2 (Chrono Boost)  
  128  7:54  Photon Cannon  
  128  7:55  Shield Battery  
  128  8:01  Immortal  
  128  8:02  Pylon  
  128  8:03  Pylon  
  132  8:10  Pylon  
  132  8:11  Photon Cannon  
  132  8:12  Pylon  
  131  8:13  Pylon  
  131  8:14  Pylon  
  131  8:15  Pylon  
  131  8:19  Tempest  
  130  8:36  Tempest  
  130  8:38  Stalker x3  
  126  9:01  Zealot x2  
  127  9:03  Tempest  
  127  9:05  Flux Vanes  
  130  9:17  Observer  
  130  9:19  Tempest  
  130  9:23  Probe x2  
  135  9:31  Gateway  
  135  9:33  Nexus  
  135  9:35  Pylon  
  135  9:44  Cybernetics Core  
  135  9:45  Pylon  
  139  9:54  Gateway  
  139  9:55  Gateway  
  139  9:59  Carrier  
  139  10:00  Carrier  
  139  10:03  Cybernetics Core  
  143  10:26  Stalker x3  
  144  10:34  Stargate  
  144  10:36  Stargate  
  126  11:00  Zealot x4  

Tags
 
Add a new tag
Caveats
  • Supply blocks, unpowered buildings, or Contaminate may cause inaccurate times.
  • Supply counts are checked every 10 seconds.